 Dungeon Crawl Stone Soup version 0.29-a0-885-gb26ba3297d (webtiles) character file.

Game seed: 2598792791480545924

266 mathmaestro the Grave Robber (level 6, 46/46 HPs)
             Began as a Demonspawn Necromancer on July 20, 2022.
             Quit the game on level 4 of the Dungeon.
             The game lasted 00:09:34 (2943 turns).

mathmaestro the Grave Robber (DsNe)                 Turns: 2943, Time: 00:09:35

Health: 46/46      AC:  7    Str:  8    XL:     6   Next: 0%
Magic:  7/11       EV: 11    Int: 21    God:
Gold:   126        SH:  0    Dex: 13    Spells: 3/11 levels left

rFire   + . .      SeeInvis .   a - +1 short sword (drain)
rCold   . . .      Faith    .   (no shield)
rNeg    . . .      Spirit   .   o - +2 leather armour {rF+}
rPois   .          Reflect  .   (no helmet)
rElec   .          Harm     .   n - +0 cloak
rCorr   .          Rampage  .   (no gloves)
Will    .....                   j - +0 pair of boots
Stlth   ++........              e - amulet of regeneration
HPRegen 0.95/turn               (no ring)
MPRegen 0.12/turn               (no ring)

@: no status effects
A: claws 1, ignite blood 1, big brain 1
a: no special abilities


You were on level 4 of the Dungeon.
You visited 1 branch of the dungeon, and saw 4 of its levels.

You collected 126 gold pieces.

Inventory:

Hand Weapons
 a - a +1 short sword of draining (weapon)
 g - a +0 hand axe
Missiles
 s - 5 boomerangs
Armour
 j - a +0 pair of boots (worn)
 n - a +0 cloak (worn)
 o - a +2 leather armour of fire resistance (worn)
Jewellery
 e - an amulet of regeneration (around neck)
Scrolls
 f - a scroll of fear {unknown}
 h - a scroll of silence {unknown}
 i - 3 scrolls of identify
 k - 2 scrolls of poison
 p - a scroll of noise {unknown}
 q - a scroll of blinking {unknown}
Potions
 b - 3 potions of magic
 c - a potion of brilliance {unknown}
 d - a potion of heal wounds {unknown}
 l - 3 potions of curing
 m - a potion of haste {unknown}
 r - a potion of flight {unknown}


   Skills:
 + Level 2.7 Fighting
 + Level 2.1 Armour
 - Level 2.0 Dodging
 - Level 2.0 Stealth
 + Level 3.4 Spellcasting
 + Level 5.4 Necromancy


You had 3 spell levels left.
You knew the following spells:

 Your Spells              Type           Power      Damage    Failure   Level
a - Necrotise             Necr           100%       1d9       1%          1
b - Vampiric Draining     Necr           26%        2d7       6%          3
c - Animate Dead          Necr           26%        N/A       19%         4

Your spell library contained the following spells:

 Spells                   Type           Power      Damage    Failure   Level
 Slow                     Hex            12%        N/A       19%         1
 Confusing Touch          Hex            3%         N/A       47%         3
 Agony                    Necr           26%        N/A       47%         5
 Dispersal                Tloc           1%         N/A       100%        6
 Disjunction              Tloc           1%         N/A       100%        8


Dungeon Overview and Level Annotations

Branches:
Dungeon (4/15)
 Temple: D:4-7

Altars:
Qazlal


Innate Abilities, Weirdness & Mutations

You have sharp fingernails.
Your demonic aura sometimes causes spilled blood to erupt in flames.
You have an unusually large brain. (Int +2)


Message History

The ufetubus barely misses you. x2
The ufetubus hits you but does no damage.
You hit the ufetubus.
The ufetubus is severely wounded.
The ufetubus closely misses you.
The ufetubus hits you but does no damage. x2
The ufetubus closely misses you.
You closely miss the ufetubus.
The ufetubus is heavily wounded.
The ufetubus hits you.
The ufetubus hits you but does no damage.
The adder bites you but does no damage.
You hit the ufetubus.
You kill the ufetubus!
The adder barely misses you.
Casting: Necrotise (safe; 1% risk of failure)
Confirm with . or Enter, or press ? or * to list all spells.
Aiming: Necrotise (safe; 1% risk of failure)
Press: ? - help, Shift-Dir - straight line, f - adder
Aim: an adder (chance to affect: 88%)
The adder writhes in agony.
The adder barely misses you.
Casting: Necrotise (safe; 1% risk of failure)
Confirm with . or Enter, or press ? or * to list all spells.
Aiming: Necrotise (safe; 1% risk of failure)
Press: ? - help, Shift-Dir - straight line, f/p - adder
Aim: an adder (heavily wounded, chance to affect: 88%)
The adder writhes in agony.
The adder bites you but does no damage. The adder barely misses you.
Casting: Necrotise (safe; 1% risk of failure)
Confirm with . or Enter, or press ? or * to list all spells.
Aiming: Necrotise (safe; 1% risk of failure)
Press: ? - help, Shift-Dir - straight line, f/p - adder
Aim: an adder (almost dead, chance to affect: 88%)
The adder writhes in agony!
You kill the adder!
The dead are slithering!
You have reached level 6!
Your demonic ancestry asserts itself...
Your blood heats up.
Are you sure you want to abandon this character and quit the game? (Confirm with "yes".)

..# .. ..### .
...## ...
#...##
....##.$..###
.........Z..#.#
#.....@.(....#
#.............
#..........#..
#.........(.#
###..
#...........#
...#
###########.#
####... ...
......# ##
##.... ##.....


You could see a friendly adder skeleton.

Vanquished Creatures
  2 orc priests (D:3)
  2 orc wizards (D:3)
  3 adders
  3 gnolls (D:2)
  An ufetubus (D:4)
  2 worms
  A dart slug (D:1)
  15 orcs
  5 ball pythons
  2 bats
  8 endoplasms
  2 giant cockroaches
  2 goblins (D:1)
  5 hobgoblins
  8 jackals
  2 frilled lizards (D:3)
  6 kobolds
  4 rats
73 creatures vanquished.

Vanquished Creatures (collateral kills)
  A kobold (D:1)
1 creature vanquished.

Grand Total: 74 creatures vanquished

Notes
Turn   | Place    | Note
-------+----------+-------------------------------------------
     0 | D:1      | mathmaestro the Demonspawn Necromancer began the quest for
                  | the Orb.
     0 | D:1      | Reached XP level 1. HP: 13/13 MP: 3/3
   256 | D:1      | Found a faded altar of an unknown god.
   278 | D:1      | Gained mutation: You have sharp fingernails. [demonic
                  | ancestry]
   278 | D:1      | Reached XP level 2. HP: 17/20 MP: 0/5
   642 | D:1      | Reached skill level 1 in Fighting
   952 | D:1      | Gained mutation: You have an unusually large brain. (Int
                  | +2) [demonic ancestry]
   952 | D:1      | Reached XP level 3. HP: 26/26 MP: 2/6
  1028 | D:1      | Learned a level 3 spell: Vampiric Draining
  1999 | D:2      | Reached skill level 1 in Armour
  1999 | D:2      | Reached XP level 4. HP: 33/33 MP: 2/8
  2142 | D:3      | Learned a level 4 spell: Animate Dead
  2165 | D:3      | Found a stormy altar of Qazlal.
  2261 | D:3      | Reached skill level 5 in Necromancy
  2302 | D:3      | Reached XP level 5. HP: 19/38 MP: 0/9
  2943 | D:4      | Gained mutation: Your demonic aura sometimes causes spilled
                  | blood to erupt in flames. [demonic ancestry]
  2943 | D:4      | Reached XP level 6. HP: 46/46 MP: 7/11
  2943 | D:4      | Quit the game

Illustrated notes

Levels and vault maps discovered:
D:1:      scummos_arrival_forest, layout_basic, ebering_ecumenical_altar_webs,
          hangedman_abyss_or_decor_stabs
D:2:      layout_basic
D:3:      layout_rooms, lemuel_doored_altar
D:4:      layout_rooms, tso_altar, dk_noncrumbling_3, uniq_blork_the_orc

Skill      XL: |  1  2  3  4  5 |
---------------+----------------+-----
Stealth        | 2 |  2.0
Dodging        | 2 |  2.0
Fighting       | 1 2 |  2.7
Armour         | 1 2 |  2.1
Necromancy     | 5 |  5.4
Spellcasting   | 3 |  3.4

Action                   |  1- 3 |  4- 6 || total
-------------------------+-------+-------++-------
Melee: Dagger            |    14 |       ||    14
       Short sword       |    12 |    79 ||    91
       Punch             |       |     1 ||     1
 Cast: Necrotise         |    63 |    43 ||   106
       Vampiric Draining |       |     2 ||     2
  Use: Potion            |       |     1 ||     1
       Scroll            |       |     1 ||     1
 Stab: Sleeping          |       |     3 ||     3
Armor: Robe              |     4 |       ||     4
       Leather armour    |     3 |    63 ||    66
Dodge: Dodged            |    29 |    68 ||    97

Table legend: (Time is in decaauts)
 A = Elapsed time spent in this place.
 B = Non-inter-level travel time spent in this place.
 C = Inter-level travel time spent in this place.
 D = Time resting spent in this place.
 E = Time spent auto-exploring this place.
 F = Levels seen in this place.
 G = Mean time per level.
                   A        B        C        D        E       F      G
               +--------+--------+--------+--------+--------+-----+--------+
         Total |   2954 |   2903 |     51 |    294 |   1967 |   4 |  738.5 |
       Dungeon |   2954 |   2903 |     51 |    294 |   1967 |   4 |  738.5 |
               +--------+--------+--------+--------+--------+-----+--------+

Top non-repeatable levels by time:
     D:1: 1287 daAuts
     D:2: 851 daAuts
     D:3: 761 daAuts
     D:4: 53 daAuts
